 Dungeon Crawl Stone Soup version 0.27-a0-1502-g47ed6a6988 (webtiles) character file.

Game seed: 17034096221222905703

13969 Spaninq the Severer (level 12, -16/111 (112) HPs)
             Began as a Hill Orc Berserker on July 8, 2021.
             Was a High Priest of Trog.
             Demolished by a sun demon (18 damage)
             ... summoned by an orc sorcerer
             ... while paralysed by an orc sorcerer
             ... on level 2 of the Orcish Mines on July 9, 2021.
             The game lasted 00:40:21 (14147 turns).

Spaninq the Severer (Hill Orc Berserker)           Turns: 14147, Time: 00:40:21

HP:   -16/111 (112) AC: 19    Str: 25    XL:     12   Next: 11%
MP:   12/12         EV:  2    Int:  7    God:    Trog [*****.]
Gold: 714           SH:  0    Dex: 10    Spells: 11/11 levels left

rFire    . . .     SeeInvis .   a - +1 hand axe (elec)
rCold    . . .     Faith    +   n - +0 buckler
rNeg     + . .     Spirit   .   H - +2 chain mail {rN+}
rPois    +         Reflect  .   t - +1 helmet
rElec    .         Harm     .   z - +0 cloak
rCorr    .         Rampage  .   g - +0 pair of gloves
Will     .....                  (no boots)
Stlth    ..........             l - amulet of faith
HPRegen  0.28/turn              A - ring of poison resistance
MPRegen  0.13/turn              (no ring)

@: paralysed, lightly drained
A: no striking features
a: Renounce Religion, Convert to Beogh, Berserk, Trog's Hand, Brothers in Arms


You were on level 2 of the Orcish Mines.
You worshipped Trog.
Trog was extremely pleased with you.
You visited 3 branches of the dungeon, and saw 14 of its levels.

You collected 714 gold pieces.

Inventory:

Hand Weapons
 a - a +1 hand axe of electrocution (weapon)
 q - a +2 whip of freezing
 B - a +0 battleaxe
 G - the +14 obsidian axe {vorpal, Drain Fly SInv}
   (Trog gifted it to you on level 10 of the Dungeon)

   It inflicts extra damage upon your enemies.
   SInv:      It lets you see invisible.
   Fly:       It grants you flight.
   Drain:     It drains your maximum health when unequipped.
Armour
 g - a +0 pair of gloves (worn)
 n - a +0 buckler (worn)
 t - a +1 helmet (worn)
 z - a +0 cloak (worn)
 E - a +0 kite shield
 H - a +2 chain mail of positive energy (worn)
 I - the +3 hat of Pondering {ponderous, Will+ MP+10 Int+5}
   (You took it off Gastronok on level 1 of the Orcish Mines)

   Int:       It affects your intelligence (+5).
   MP:        It affects your magic capacity (+10).
   Will:      It increases your willpower.
Jewellery
 l - an amulet of faith (around neck)
 o - an amulet of reflection
 p - a +6 ring of intelligence
 A - a ring of poison resistance (left hand)
 D - a ring of flight
Wands
 s - a wand of iceblast (10)
 u - a wand of mindburst (16)
 v - a wand of acid (12)
 F - a wand of paralysis (6)
Scrolls
 e - a scroll of identify
 x - 2 scrolls of teleportation
 y - 3 scrolls of blinking
 C - a scroll of fear
Potions
 b - 2 potions of mutation
 c - 3 potions of berserk rage
 d - 4 potions of curing
 f - a potion of invisibility
 h - 4 potions of heal wounds
 i - a potion of magic {unknown}
 j - 3 potions of lignification
 k - a potion of cancellation {unknown}
 m - 5 potions of might
 r - 2 potions of degeneration {unknown}
 w - 3 potions of flight {unknown}


   Skills:
 + Level 11.9 Fighting
 + Level 15.1 Axes
 + Level 10.6 Armour
 - Level 1.5 Dodging
 + Level 7.3 Shields


You had 11 spell levels left.
You didn't know any spells.
Your spell library was empty.

Dungeon Overview and Level Annotations

Branches:
Dungeon (11/15)            Temple (1/1) D:4             Orc (2/2) D:9
    Elf (0/3) Orc:2
   Lair: D:8-11

Altars:
Ashenzari
Cheibriados
Dithmenos
Elyvilon
Fedhas
Gozag
Hepliaklqana
Kikubaaqudgha
Makhleb
Nemelex Xobeh
Okawaru
Qazlal
Ru
Sif Muna
Trog
Uskayaw
Vehumet
Wu Jian
Xom
Yredelemnul
Zin
The Shining One
Beogh


Message History

The orc sorcerer casts a spell.
You barely miss the orc. You hit the orc but do no damage.
The orc closely misses you.
A warg and an orc warrior come into view.
The orc warrior shouts!
There is a stone staircase leading up, spattered with blood here.
The hellwing swoops through the air toward you!
The hellwing hits you but does no damage.
The hellwing barely misses you. The orc barely misses you.
The orc sorcerer points at you and mumbles some strange words.
You suddenly lose the ability to move!
The orc warrior hits you but does no damage.
The hellwing completely misses you.
The hellwing hits you but does no damage.
The orc hits you with a +0 dagger.
The orc warrior hits you but does no damage.
The hellwing hits you but does no damage. x2
The orc hits you but does no damage.
The orc sorcerer casts a spell.
The orc warrior hits you with a +0 long sword!
The orc warrior shouts!
You hear a shout! x2
The sun demon hits you!
You are engulfed in flames!!
The hellwing hits you. x2
The orc barely misses you.
The orc high priest prays to Beogh.
The warg bites you.
The sun demon hits you but does no damage.
The hellwing hits you but does no damage.
The hellwing hits you. The orc hits you but does no damage. The warg bites you.
The sun demon hits you!
You are engulfed in flames!
* * * LOW HITPOINT WARNING * * *
The orc warrior shouts!
The ogre shouts!
The hellwing hits you!
* * * LOW HITPOINT WARNING * * *
The hellwing hits you but does no damage.
The orc hits you but does no damage. The warg bites you!
* * * LOW HITPOINT WARNING * * *
The sun demon hits you.
* * * LOW HITPOINT WARNING * * *
You are engulfed in flames!!
You die...

......... ......
..o.......#...... #
....o....#.#.... ..
...3o...#.....# ..P
.............# ....
.......o.^..##..P.8
......o3oh.........
...^...3@[....P....
.......)o4.#...P...
.........#.#...P..P
#...........#.#....
#...#.......#.. P..
#............... ..
....O#........... .
. ..#........##...
... #.....###


You could see a soul eater (summoned), an orc high priest, 2 sun demons, a
hellwing (summoned), a warg, an orc sorcerer, 4 orc warriors, an ogre and an
orc.

Vanquished Creatures
  Gastronok (Orc:1)
  2 two-headed ogres (D:8)
  Urug (D:10)
  An orc knight (Orc:1)
  Pikel (D:4)
  A cyclops (D:11)
  3 trolls
  Sigmund (D:4)
  11 yaks
  A wraith (D:7)
  Eustachio (D:5)
  A steam dragon (D:7)
  Menkaure (D:4)
  An acid dragon (D:6)
  A warg (Orc:1)
  3 water moccasins
  25 orc warriors
  2 sky beasts
  6 ogres
  2 black bears
  4 necrophages
  4 centaurs
  4 kobold brigands
  4 bullfrogs
  A wyvern skeleton (D:6)
  3 wights (D:6)
  4 bullfrog zombies
  3 centaur zombies
  A human zombie (D:6)
  2 gnoll shamans
  Crazy Yiuf (D:5)
  A centaur skeleton (D:6)
  A hound (D:6)
  10 orc priests
  An iguana (D:5)
  20 orc wizards
  2 killer bee zombies (D:6)
  A howler monkey zombie (D:5)
  Robin (D:4)
  4 adders
  7 gnolls
  A shadow imp (D:7)
  4 worms
  2 dart slugs
  78 orcs
  7 endoplasms
  3 giant cockroaches
  9 goblins
  8 hobgoblins
  2 jackals (D:2)
  19 kobolds
  3 quokkas
  6 ball pythons
  3 bats
  4 frilled lizards
  A jackal skeleton (D:4)
  4 rats
  A bush (D:7)
300 creatures vanquished.

Vanquished Creatures (others)
  A bush (D:7)
  5 fungi (Orc:2)
6 creatures vanquished.

Grand Total: 306 creatures vanquished

Notes
Turn   | Place    | Note
-------+----------+-------------------------------------------
     0 | D:1      | Spaninq the Hill Orc Berserker began the quest for the Orb.
     0 | D:1      | Reached XP level 1. HP: 19/19 MP: 1/1
   277 | D:1      | Found a faded altar of an unknown god.
   461 | D:1      | Reached XP level 2. HP: 12/27 MP: 2/2
  1484 | D:2      | Reached XP level 3. HP: 29/33 MP: 3/3
  1648 | D:2      | Reached skill level 5 in Axes
  2609 | D:3      | Reached XP level 4. HP: 39/40 MP: 4/4
  2623 | D:3      | Reached ** piety under Trog
  3370 | D:4      | Noticed Robin
  3383 | D:4      | Killed Robin
  3522 | D:4      | Noticed an ogre
  3528 | D:4      | Killed an ogre
  3529 | D:4      | Reached skill level 6 in Axes
  3529 | D:4      | Reached XP level 5. HP: 47/47 MP: 5/5
  3545 | D:4      | Found a staircase to the Ecumenical Temple.
  3559 | Temple   | Entered the Ecumenical Temple
  3640 | D:4      | Noticed Menkaure
  3652 | D:4      | Killed Menkaure
  3653 | D:4      | Reached skill level 5 in Fighting
  3653 | D:4      | Reached skill level 7 in Axes
  3653 | D:4      | Reached XP level 6. HP: 29/56 MP: 6/6
  3745 | D:4      | Noticed Pikel
  3761 | D:4      | Killed Pikel
  3762 | D:4      | Reached skill level 8 in Axes
  3762 | D:4      | Reached XP level 7. HP: 63/63 MP: 7/7
  3937 | D:4      | Reached skill level 5 in Armour
  3970 | D:4      | Reached skill level 9 in Axes
  3970 | D:4      | Reached XP level 8. HP: 68/71 MP: 8/8
  4006 | D:4      | Noticed Sigmund
  4014 | D:4      | Killed Sigmund
  4382 | D:5      | Entered Level 5 of the Dungeon
  4467 | D:5      | HP: 3/71 [ogre (20)]
  4469 | D:5      | Reached skill level 10 in Axes
  5161 | D:5      | Found a runed translucent door.
  5162 | D:5      | Noticed Crazy Yiuf
  5169 | D:5      | Killed Crazy Yiuf
  5438 | D:5      | Noticed Eustachio
  5449 | D:5      | Killed Eustachio
  5838 | D:6      | Reached *** piety under Trog
  5926 | D:6      | Reached skill level 11 in Axes
  5926 | D:6      | Reached XP level 9. HP: 47/80 MP: 9/9
  6295 | D:6      | HP: 2/81 [yak (13)]
  6692 | D:6      | Found a runed translucent door.
  7016 | D:6      | Reached skill level 12 in Axes
  7379 | D:6      | Found a basalt altar of Yredelemnul.
  7395 | D:6      | Reached XP level 10. HP: 67/91 MP: 10/10
  7406 | D:6      | Reached skill level 13 in Axes
  7685 | D:6      | Reached **** piety under Trog
  7928 | D:6      | Reached skill level 1 in Shields
  7990 | D:6      | Found a roughly hewn altar of Beogh.
  8293 | D:7      | Reached ***** piety under Trog
  8845 | D:7      | Identified the +3 ring mail of Xoonuppa {rPois rCorr}
  9146 | D:8      | Noticed a two-headed ogre
  9159 | D:8      | Killed a two-headed ogre
  9160 | D:8      | Reached skill level 10 in Fighting
 10128 | D:8      | Noticed a two-headed ogre
 10137 | D:8      | Killed a two-headed ogre
 10138 | D:8      | Reached skill level 14 in Axes
 10138 | D:8      | Reached XP level 11. HP: 92/101 MP: 11/11
 10265 | D:9      | Reached skill level 5 in Shields
 10922 | D:9      | Reached ****** piety under Trog
 11095 | D:9      | Found a staircase to the Orcish Mines.
 11159 | D:10     | Entered Level 10 of the Dungeon
 11374 | D:10     | Noticed Urug
 11383 | D:10     | Killed Urug
 11680 | D:10     | Received a gift from Trog
 11681 | D:10     | Found the +14 obsidian axe {vorpal, Drain Fly SInv}
 11951 | D:11     | Noticed a five-headed hydra
 11991 | D:11     | Noticed a cyclops
 12002 | D:11     | Killed a cyclops
 12003 | D:11     | Reached skill level 10 in Armour
 12321 | Orc:1    | Entered Level 1 of the Orcish Mines
 12322 | Orc:1    | Noticed an orc knight
 12340 | Orc:1    | Killed an orc knight
 12749 | Orc:1    | Noticed Gastronok
 12759 | Orc:1    | Killed Gastronok
 13061 | Orc:1    | Reached skill level 15 in Axes
 13227 | Orc:1    | Reached XP level 12. HP: 105/111 MP: 12/12
 13522 | Orc:2    | Entered Level 2 of the Orcish Mines
 13800 | Orc:2    | Found a staircase to the Elven Halls.
 14140 | Orc:2    | Noticed a sun demon
 14142 | Orc:2    | Paralysed by an orc sorcerer for 7 turns
 14144 | Orc:2    | Noticed an orc high priest
 14145 | Orc:2    | Noticed a soul eater
 14146 | Orc:2    | Noticed a sun demon
 14147 | Orc:2    | HP: 5/111 [warg (8)]
 14147 | Orc:2    | HP: 2/111 [sun demon[an orc sorcerer] (3)]
 14147 | Orc:2    | Demolished by a sun demon

Illustrated notes

Levels and vault maps discovered:
D:1:      dpeg_arrival_rooms_with_view, layout_loops_corners,
          shapermc_ecumenical_altar_ellora, hex_tiny, hangedman_decor_push
D:2:      layout_basic
D:3:      layout_basic
D:4:      layout_loops_ring, minmay_temple_entry_drinking_statues, minmay_puff,
          uniq_menkaure, uniq_pikel, uniq_sigmund, uniq_robin
D:5:      layout_loops_ring, uniq_eustachio, uniq_crazy_yiuf_cottage
D:6:      layout_basic, lemuel_mausoleum_altar_yredelemnul, st_stairs_6,
          lightli_church_of_beogh
D:7:      layout_basic, minmay_hedge_maze, chequers_serial_rivers_micro_b,
          chequers_serial_rivers_room_b
D:8:      layout_basic
D:9:      layout_rooms, david_orc_4, serial_bayou_pond_a
D:10:     layout_loops_ring, uniq_urug
D:11:     layout_irregular_city, lair_entry_dummy,
          hangedman_abyss_or_decor_stagger
Temple:   grunt_wide_crystal_templ
Orc:1:    nicolae_orc_accident_1, layout_caves, uniq_gastronok
Orc:2:    grunt_orc_gardens, layout_caves, grunt_orc_garden, grunt_orc_garden,
          grunt_orc_garden, grunt_orc_garden, mines1_david

Skill      XL: |  1  2  3  4  5  6  7  8  9 10 11 |
---------------+----------------------------------+-----
Fighting       | 4 5 6 7 9 10 11 | 11.9
Axes           | 5 6 7 8 9 11 12 14 15 | 15.1
Armour         | 3 4 5 6 7 9 10 | 10.6
Shields        | 4 7 |  7.3
Dodging        | |  1.5

Action                   |  1- 3 |  4- 6 |  7- 9 | 10-12 || total
-------------------------+-------+-------+-------+-------++-------
Melee: Hand axe          |    92 |    84 |   236 |   545 ||   957
Invok: Berserk           |       |     2 |     3 |     1 ||     6
       Trog's Hand       |       |     1 |     3 |     1 ||     5
       Brothers in Arms  |       |       |       |     1 ||     1
  Use: Scroll            |     1 |       |    12 |     5 ||    18
       Potion            |       |       |     1 |     1 ||     2
Armor: Animal skin       |     2 |       |       |       ||     2
       Ring mail         |    25 |    29 |    31 |       ||    85
       Chain mail        |       |       |    49 |   105 ||   154
       Plate armour      |       |       |       |   101 ||   101
Dodge: Dodged            |    46 |    33 |    69 |   130 ||   278
Block: Buckler           |       |       |       |    65 ||    65

Table legend: (Time is in decaauts)
 A = Elapsed time spent in this place.
 B = Non-inter-level travel time spent in this place.
 C = Inter-level travel time spent in this place.
 D = Time resting spent in this place.
 E = Time spent auto-exploring this place.
 F = Levels seen in this place.
 G = Mean time per level.
                   A        B        C        D        E       F      G
               +--------+--------+--------+--------+--------+-----+--------+
         Total |  13973 |  13527 |    446 |   2010 |   9169 |  14 |  998.1 |
       Dungeon |  12119 |  11691 |    428 |   1309 |   8378 |  11 | 1101.7 |
        Temple |     70 |     70 |      0 |      0 |     53 |   1 |   70.0 |
  Orcish Mines |   1782 |   1764 |     18 |    701 |    738 |   2 |  891.0 |
               +--------+--------+--------+--------+--------+-----+--------+

Top non-repeatable levels by time:
     D:6: 2127 daAuts
   Orc:1: 1708 daAuts
     D:5: 1424 daAuts
     D:1: 1275 daAuts
     D:2: 1187 daAuts
     D:8: 1066 daAuts
     D:7: 1031 daAuts
    D:10: 1016 daAuts
     D:4: 1014 daAuts
     D:9: 974 daAuts
     D:3: 913 daAuts
    D:11: 89 daAuts
   Orc:2: 74 daAuts
  Temple: 70 daAuts
